 Dungeon Crawl Stone Soup version 0.30-a0-1006-g5d778dfbfc (webtiles) character file.

Game seed: 15788586692833268984

124908 Dirtsage the Severer (level 16, -10/127 HPs)
             Began as a Demonspawn Berserker on Apr 5, 2023.
             Was a High Priest of Trog.
             Mangled by a tarantella (12 damage)
             ... on level 4 of the Spider Nest.
             The game lasted 01:04:14 (23601 turns).

Dirtsage the Severer (Demonspawn Berserker)        Turns: 23601, Time: 01:04:14

Health: -10/127    AC:  9    Str: 24    XL:     16   Next: 40%
Magic:  0/16       EV: 13    Int:  9    God:    Trog [*****.]
Gold:   1493       SH:  0    Dex: 14    Spells: 15/15 levels left

rFire   + . .      SeeInvis +    O - +4 broad axe (flame)
rCold   . . .      Faith    .    H - +3 buckler
rNeg    + . .      Spirit   +    Z - +3 scale mail {rN+}
rPois   +          Reflect  +    T - +0 hat {SInv}
rElec   .          Rampage  +    J - +0 cloak of the Valley {rPois Stlth+}
rCorr   .                        (gloves unavailable)
Will    +....                    D - +0 pair of boots {rampage} Stlth
                                 W - amulet of reflection
HPRegen 1.41/turn                Q - +4 ring of slaying
MPRegen 0.30/turn                F - ring of protection from fire

@: confused, corroded, on berserk cooldown, slowed, studying Evocations, very
slow
A: yellow scales 1, powered by death 2, magic shield, magic regeneration,
bedeviling, demonic touch 3
a: Renounce Religion, Berserk, Trog's Hand, Brothers in Arms


You were on level 4 of the Spider Nest.
You worshipped Trog.
Trog was extremely pleased with you.
You visited 5 branches of the dungeon, and saw 22 of its levels.
You also visited: Bailey and Gauntlet.

You collected 2760 gold pieces.
You spent 1267 gold pieces at shops.

Inventory:

Hand Weapons
 s - a +6 broad axe
 O - a +4 broad axe of flaming (weapon)
Missiles
 k - 11 curare-tipped darts (quivered)
 M - a throwing net
Armour
 D - a +0 pair of boots of rampaging (worn)
 H - a +3 buckler (worn)
 J - the +0 cloak of the Valley (worn) {rPois Stlth+}
   (You found it on level 6 of the Dungeon)

   rPois:     It protects you from poison.
   Stlth:     It makes you more stealthy.
 K - a scarf of resistance
 T - a +0 hat of see invisible (worn)
 X - the scarf of Intuition {+Inv, +Inv Str+8 Dex-3 Stlth+}
   (You found it on level 3 of the Lair of Beasts)

   Str:       It affects your strength (+8).
   Dex:       It affects your dexterity (-3).
   +Inv:      It lets you turn invisible.
   Stlth:     It makes you more stealthy.
 Z - a +3 scale mail of positive energy (worn)
Jewellery
 f - a ring of flight
 F - a ring of protection from fire (right hand)
 I - a ring of protection from cold
 Q - a +4 ring of slaying (left hand)
 R - the ring "Vigi" {rN+ Will- Str+8 Int+6 Dex+3}
   (You found it in a Gauntlet)

   [ring of intelligence]

   Str:       It affects your strength (+8).
   Int:       It affects your intelligence (+6).
   Dex:       It affects your dexterity (+3).
   rN:        It protects you from negative energy.
   Will:      It decreases your willpower.
 S - a ring of see invisible
 W - an amulet of reflection (around neck)
Wands
 o - a wand of paralysis (5)
 L - a wand of light (11)
 P - a wand of iceblast (12)
 V - a wand of flame (7)
Scrolls
 b - 3 scrolls of fog
 d - a scroll of enchant weapon
 e - 8 scrolls of enchant armour
 g - 5 scrolls of fear
 i - 9 scrolls of identify
 j - 2 scrolls of silence
 m - 3 scrolls of butterflies
 p - a scroll of torment {unknown}
 t - 9 scrolls of teleportation
 u - 4 scrolls of poison
 x - 2 scrolls of magic mapping
Potions
 a - 2 potions of lignification {unknown}
 c - 4 potions of resistance {unknown}
 h - 7 potions of haste
 l - 8 potions of heal wounds
 q - 11 potions of curing
 r - 2 potions of cancellation {unknown}
 v - 3 potions of degeneration {unknown}
 w - 3 potions of might {unknown}
 z - 4 potions of mutation
 C - 2 potions of attraction {unknown}
 E - 2 potions of invisibility {unknown}
 G - 4 potions of flight
 N - a potion of ambrosia {unknown}
 Y - a potion of brilliance {unknown}
Miscellaneous
 n - a lightning rod (4/4)
 y - a tin of tremorstones (2/2)


   Skills:
 + Level 12.2 Fighting
 - Level 18.0 Axes
 + Level 11.0 Armour
 + Level 6.5 Dodging
 + Level 10.8 Shields
 + Level 11.4 Evocations


You had 15 spell levels left.
You didn't know any spells.
Your spell library contained the following spells:

 Spells                   Type           Power      Damage    Failure   Level
 Apportation              Tloc           0%         N/A       69%         1
 Freeze                   Ice            0%         1d3       69%         1
 Magic Dart               Conj           0%         1d3       69%         1
 Necrotise                Necr           0%         1d4       69%         1
 Shock                    Conj/Air       0%         1d3       69%         1
 Slow                     Hex            0%         N/A       69%         1
 Summon Small Mammal      Summ           0%         N/A       69%         1
 Call Imp                 Summ           0%         N/A       83%         2
 Ensorcelled Hibernation  Hex/Ice        0%         N/A       83%         2
 Lesser Beckoning         Tloc           0%         N/A       83%         2
 Searing Ray              Conj           0%         2d4       83%         2
 Confusing Touch          Hex            0%         N/A       96%         3
 Frozen Ramparts          Ice            0%         1d1       96%         3
 Gell's Gravitas          Tloc           0%         N/A       96%         3
 Hailstorm                Conj/Ice       0%         3d3       96%         3
 Inner Flame              Hex/Fire       0%         N/A       96%         3
 Mephitic Cloud           Conj/Pois/Air  0%         N/A       96%         3
 Spider Form              Tmut/Pois      0%         N/A       96%         3
 Swiftness                Air            0%         N/A       96%         3
 Teleport Other           Tloc           0%         N/A       96%         3
 Vampiric Draining        Necr           0%         2d6       96%         3
 Vhi's Electric Charge    Tloc/Air       0%         N/A       96%         3
 Airstrike                Air            0%         2d(0-16)  100%        4
 Anguish                  Hex/Necr       0%         N/A       100%        4
 Fulminant Prism          Conj/Hex       0%         3d5       100%        4
 Leda's Liquefaction      Hex/Erth       0%         N/A       100%        4
 Petrify                  Tmut/Erth      0%         N/A       100%        4
 Arcjolt                  Conj/Air       0%         1d10      100%        5
 Lee's Rapid Deconstruct  Erth           0%         3d4*      100%        5
 Metabolic Englaciation   Hex/Ice        0%         N/A       100%        5
 Yara's Violent Unravell  Hex/Tmut       0%         3d3       100%        5
 Dispersal                Tloc           0%         N/A       100%        6
 Plasma Beam              Fire/Air       0%         2x1d11    100%        6
 Statue Form              Tmut/Erth      0%         N/A       100%        6
 Enfeeble                 Hex            0%         N/A       100%        7


Dungeon Overview and Level Annotations

Branches:
Dungeon (10/15)            Temple (1/1) D:4            Lair (5/5) D:8
 Shoals (0/4) Lair:3       Spider (4/4) Lair:2        Slime (0/5) Lair:4
    Orc (2/2) D:10            Elf (0/3) Orc:2        Bailey (visited)
Gauntlet (visited)

Altars:
Ashenzari
Cheibriados
Dithmenos
Fedhas
Gozag
Hepliaklqana
Kikubaaqudgha
Makhleb
Nemelex Xobeh
Okawaru
Qazlal
Ru
Sif Muna
Trog
Uskayaw
Vehumet
Wu Jian
Xom
Yredelemnul
Jiyva

Shops:
D:2 !   D:4 :   D:8 *   Orc:1 (   Orc:2 ?**[

Annotations:
D:3 1 runed translucent door


Innate Abilities, Weirdness & Mutations

You are partially covered in yellow scales. (AC +2)
You regenerate health from kills.
When hurt, damage is shared between your health and your magic reserves.
You regenerate magic rapidly.
Your hexes are more powerful.
Your touch may irresistibly damage your foes and sap their willpower.


Message History

You take 25 damage, and have 57/190 hp.
You now have 5/16 mp.
You slash the demonic crawler! You burn the demonic crawler.
The demonic crawler is severely wounded.
You completely miss the tarantella. The tarantella touches you!
* * * LOW HITPOINT WARNING * * *
The demonic crawler hits you but does no damage.
The demonic crawler hits you!
* * * LOW HITPOINT WARNING * * *
The demonic crawler closely misses you.
You take 16 damage, and have 41/190 hp.
You now have 4/16 mp.
You barely miss the tarantella.
The tarantella is heavily wounded.
You hit the demonic crawler. You burn the demonic crawler.
The tarantella closely misses you.
You closely miss the demonic crawler.
The demonic crawler is severely wounded.
You slash the tarantella! You burn the tarantella.
The demonic crawler hits you!
* * * LOW HITPOINT WARNING * * *
The demonic crawler hits you!
* * * LOW HITPOINT WARNING * * *
The demonic crawler barely misses you.
You take 17 damage, and have 25/190 hp.
You now have 2/16 mp.
You are too berserk!
You enter the shallow water.
Moving in this stuff is going to be slow.
The tarantella touches you!
* * * LOW HITPOINT WARNING * * *
The orb spider weaves a glowing orb of energy.
An orb of destruction comes into view.
You take 12 damage, and have 13/190 hp.
You now have 1/16 mp.
You bump into the stone wall.
You feel a strong urge to attack something.
You are no longer berserk.
You are exhausted.
You feel yourself slow down. The demonic crawler closely misses you.
The demonic crawler misses you. The demonic crawler hits you!
* * * LOW HITPOINT WARNING * * *
The tarantella touches you!
You die...

...#
#^..^#^...~#^.)
#..#
#~...#^....#...
..##
#^..~#....^# ..
..#
#^....#.....#
..#
#....^#~...~#
..# #~...^# ..#
##^....# .##
#^..†..# .#
#^.^†.@# .#
#..°°ss# ##
#.°*..?# #
...~.s....~..
.^............s
.^#~....^#...[.
..#.....^#.....
#..(...#~....
#.....~# ..^#


You could see a demonic crawler, an orb spider and a tarantella.

Vanquished Creatures
  Rupert (Lair:4)
  Mlioglotl (Spider:2)
  Kirke (Spider:2)
  2 emperor scorpions
  A ghost moth (Spider:2)
  2 broodmothers
  2 orc warlords
  A spark wasp (Spider:3)
  6 entropy weavers
  4 hydras
  A catoblepas (Lair:4)
  2 jorogumos
  4 radroaches
  A two-headed ogre (D:10)
  4 boulder beetles
  3 orc high priests (Orc:2)
  15 death yaks
  A death scarab (Spider:2)
  Urug (Lair:4)
  3 skysharks
  5 pharaoh ants
  2 sun moths
  3 orb spiders
  8 orc knights
  Pikel (D:7)
  14 wolf spiders
  5 steelbarb worms
  A necromancer (Gauntlet)
  3 orc sorcerers (Orc:2)
  A cyclops (Orc:1)
  20 elephants
  2 moths of wrath
  A rust devil (Gauntlet)
  8 demonic crawlers
  3 black mambas
  Joseph (D:7)
  An unseen horror (D:10)
  19 cane toads
  2 torpor snails
  8 komodo dragons
  2 rime drakes
  4 trolls
  4 meliai
  2 polar bears
  4 hornets (Lair:3)
  22 tarantellas
  Prince Ribbit (D:7)
  3 tyrant leeches (Lair:5)
  Grinder (D:4)
  21 blink frogs (Lair:5)
  11 dream sheep
  18 jumping spiders
  Sigmund (D:3)
  19 culicivoras
  12 spriggans (Lair:3)
  3 shadows
  A vampire (D:10)
  A ynoxinul (Gauntlet)
  3 wraiths
  5 hogs (Spider:2)
  2 basilisks (Lair:5)
  39 redbacks
  4 wyverns
  55 yaks
  2 steam dragons
  5 vampire mosquitoes (Lair:5)
  Edmund (D:4)
  6 wargs
  8 water moccasins
  33 orc warriors
  3 black bears
  9 ogres
  9 wolves
  3 boggarts (Lair:3)
  A phantom (D:5)
  6 centaurs
  A lemure (D:7)
  3 kobold brigands
  The ghost of zorkdork the Sneak, an amateur KoEn of Uskayaw (D:3)
  Blork the orc (D:4)
  14 bullfrogs
  2 scorpions
  4 wights
  5 howler monkeys
  2 electric eels (Lair:5)
  3 hounds
  3 jellies
  Crazy Yiuf (D:2)
  15 orc priests
  2 iron imps (Gauntlet)
  2 sleepcaps
  A gnoll bouda (D:7)
  An iguana (D:5)
  21 orc wizards
  Ijyb (D:3)
  Terence (D:3)
  13 adders
  10 gnolls
  A river rat (D:3)
  2 white imps
  A worm (D:3)
  80 orcs
  8 ball pythons
  11 bats
  5 endoplasms
  4 giant cockroaches
  20 goblins
  12 hobgoblins
  17 jackals
  5 quokkas
  6 frilled lizards
  A goblin skeleton (D:5)
  A goblin zombie (D:5)
  4 hobgoblin zombies (D:5)
  26 kobolds
  2 kobold zombies (D:5)
  An orc skeleton (D:5)
  An orc zombie (D:5)
  8 rats
  A plant (Lair:5)
812 creatures vanquished.

Vanquished Creatures (collateral kills)
  A minotaur (Gauntlet)
  2 orc warriors
3 creatures vanquished.

Vanquished Creatures (others)
  A black mamba (Lair:5)
  A demonic crawler (Spider:1)
  A dream sheep (Lair:4)
  A hog (Spider:2)
  An orc priest (Orc:2)
  37 fungi
  93 plants
135 creatures vanquished.

Grand Total: 950 creatures vanquished

Notes
Turn   | Place    | Note
-------+----------+-------------------------------------------
     0 | D:1      | Dirtsage the Demonspawn Berserker began the quest for the
                  | Orb.
     0 | D:1      | Reached XP level 1. HP: 18/18 MP: 1/1
    69 | D:1      | Reached skill level 3 in Axes
   174 | D:1      | Gained mutation: Your touch may inflict minor irresistible
                  | damage on your foes. [demonic ancestry]
   174 | D:1      | Reached XP level 2. HP: 23/24 MP: 2/2
   306 | D:1      | Reached ** piety under Trog
   447 | D:1      | Gained mutation: You regenerate a little health from kills.
                  | [demonic ancestry]
   447 | D:1      | Reached XP level 3. HP: 29/29 MP: 3/3
   882 | D:2      | Reached skill level 4 in Axes
   935 | D:2      | Reached XP level 4. HP: 17/35 MP: 4/4
  1046 | D:2      | Found Tuedgh's Distillery.
  1057 | D:2      | Bought a potion of curing for 33 gold pieces
  1127 | D:2      | Found a runed translucent door.
  1128 | D:2      | Noticed Crazy Yiuf
  1558 | D:2      | Killed Crazy Yiuf
  1559 | D:2      | Reached skill level 5 in Axes
  1710 | D:3      | Noticed Sigmund
  1726 | D:3      | Killed Sigmund
  1727 | D:3      | Reached skill level 6 in Axes
  1727 | D:3      | Gained mutation: Your touch may inflict irresistible damage
                  | on your foes. [demonic ancestry]
  1727 | D:3      | Reached XP level 5. HP: 41/41 MP: 5/5
  1727 | D:3      | Reached XP level 6. HP: 47/47 MP: 6/6
  1866 | D:3      | Noticed Terence
  1874 | D:3      | Killed Terence
  2001 | D:3      | Found a faded altar of an unknown god.
  2061 | D:3      | Noticed Ijyb
  2073 | D:3      | Killed Ijyb
  2157 | D:3      | Found a runed translucent door.
  2160 | D:3      | Noticed zorkdork's ghost (amateur KoEn)
  2552 | D:3      | Found a runed translucent door.
  2567 | D:3      | Killed zorkdork's ghost
  2568 | D:3      | Reached skill level 7 in Axes
  2691 | D:4      | Noticed Blork the orc
  2699 | D:4      | Killed Blork the orc
  2700 | D:4      | Reached XP level 7. HP: 52/52 MP: 7/7
  2700 | D:4      | Reached *** piety under Trog
  2883 | D:4      | Noticed Grinder
  2894 | D:4      | Killed Grinder
  2895 | D:4      | Reached skill level 8 in Axes
  2951 | D:4      | Noticed Edmund
  2962 | D:4      | Killed Edmund
  3077 | D:4      | Reached skill level 9 in Axes
  3077 | D:4      | Reached XP level 8. HP: 30/58 MP: 8/8
  3177 | D:4      | Found a staircase to the Ecumenical Temple.
  3196 | Temple   | Entered the Ecumenical Temple
  3324 | D:4      | Identified the +8 dagger of the Seven Orbs {venom, rPois
                  | Int+4 Dex+3 Stlth+}
  3394 | D:4      | Found Jetewup's Book Shoppe.
  3539 | D:5      | Entered Level 5 of the Dungeon
  3586 | D:5      | Reached skill level 10 in Axes
  3654 | D:5      | Reached skill level 11 in Axes
  3976 | D:5      | Gained mutation: You regenerate health from kills. [demonic
                  | ancestry]
  3976 | D:5      | Reached XP level 9. HP: 42/63 MP: 9/9
  4309 | D:5      | Reached **** piety under Trog
  4643 | D:6      | Reached skill level 12 in Axes
  4893 | D:6      | Identified the +0 cloak of the Valley {rPois Stlth+}
  5015 | D:6      | Found a sparkling altar of Nemelex Xobeh.
  5015 | D:6      | Found a stormy altar of Qazlal.
  5200 | D:6      | Found a shimmering altar of Xom.
  5348 | D:7      | Noticed Prince Ribbit
  5359 | D:7      | Killed Prince Ribbit
  5490 | D:7      | Found a flagged portal.
  5497 | Bailey   | Entered a bailey
  5553 | Bailey   | Reached skill level 13 in Axes
  5620 | Bailey   | Noticed an orc knight
  5628 | Bailey   | Killed an orc knight
  5629 | Bailey   | Gained mutation: You regenerate magic rapidly. [demonic
                  | ancestry]
  5629 | Bailey   | Reached XP level 10. HP: 70/70 MP: 10/10
  5867 | Bailey   | Noticed an orc warlord
  5887 | Bailey   | Killed an orc warlord
  5888 | Bailey   | Reached skill level 14 in Axes
  5945 | Bailey   | Acquired a +0 pair of boots of rampaging
  6227 | D:7      | Noticed Pikel
  6246 | D:7      | Killed Pikel
  6247 | D:7      | Reached skill level 1 in Shields
  6345 | D:7      | Noticed Joseph
  6358 | D:7      | Killed Joseph
  7075 | D:8      | Found a staircase to the Lair.
  7247 | D:8      | Found Ehint's General Store.
  7252 | D:8      | Bought a potion of heal wounds for 70 gold pieces
  7252 | D:8      | Bought a potion of heal wounds for 70 gold pieces
  7603 | D:9      | Gained mutation: Your touch may irresistibly damage your
                  | foes and sap their willpower. [demonic ancestry]
  7603 | D:9      | Reached XP level 11. HP: 57/77 MP: 11/11
  7692 | D:9      | Found a shimmering blue altar of Sif Muna.
  7692 | D:9      | Found an iron altar of Okawaru.
  7695 | D:9      | Found an ornate altar of the Wu Jian Council.
  7696 | D:9      | Found a hazy altar of Hepliaklqana.
  7697 | D:9      | Found a blossoming altar of Fedhas.
  7698 | D:9      | Found a hide-covered altar of Uskayaw.
  7766 | D:9      | Reached ***** piety under Trog
  8381 | D:9      | Reached skill level 15 in Axes
  8733 | D:10     | Entered Level 10 of the Dungeon
  8832 | D:10     | Noticed a two-headed ogre
  8858 | D:10     | Killed a two-headed ogre
  8864 | D:10     | Reached skill level 5 in Fighting
  9762 | D:10     | Found a radiant altar of Vehumet.
  9917 | D:10     | Found a staircase to the Orcish Mines.
 10017 | Lair:1   | Entered Level 1 of the Lair of Beasts
 10346 | Lair:1   | Reached skill level 5 in Armour
 10372 | Lair:1   | Gained mutation: When hurt, damage is shared between your
                  | health and your magic reserves. [demonic ancestry]
 10372 | Lair:1   | Reached XP level 12. HP: 59/88 MP: 12/12
 10819 | Lair:2   | Noticed a death yak
 10819 | Lair:2   | Noticed a death yak
 10819 | Lair:2   | Noticed a death yak
 10822 | Lair:2   | Found a gate leading to a gauntlet.
 10831 | Lair:2   | Noticed a five-headed hydra
 10833 | Gauntlet | Entered a Gauntlet
 10833 | Gauntlet | Found a transporter.
 10833 | Gauntlet | Found a transporter.
 10855 | Gauntlet | Found a transporter.
 10856 | Gauntlet | Found a transporter.
 10859 | Gauntlet | Found a runed translucent door.
 10859 | Gauntlet | Found a runed translucent door.
 10867 | Gauntlet | Found a transporter.
 10871 | Gauntlet | Found a transporter.
 10877 | Gauntlet | Noticed a dire elephant
 10884 | Gauntlet | Found a transporter.
 10884 | Gauntlet | Found the +3 pair of gauntlets of War {Slay+5}
 10900 | Gauntlet | Found a transporter.
 10917 | Gauntlet | Found a transporter.
 10918 | Gauntlet | Found a transporter.
 10929 | Gauntlet | Found a transporter.
 10933 | Gauntlet | Found a transporter.
 10973 | Gauntlet | Reached skill level 16 in Axes
 10973 | Gauntlet | Reached skill level 5 in Shields
 11429 | Gauntlet | Identified the +0 scale mail "Utivaco" {-Tele Str+2 Int+3}
 11448 | Gauntlet | Noticed a minotaur
 11460 | Gauntlet | Killed a minotaur
 11631 | Gauntlet | Identified the ring "Vigi" {rN+ Will- Str+8 Int+6 Dex+3}
 11641 | Gauntlet | Identified the +4 ring mail "Luovaono" {+Blink +Inv Int-3}
 11641 | Gauntlet | Identified the +0 kite shield of Time Monsters {rC+ Dex+3}
 11691 | Gauntlet | Acquired a +4 broad axe of flaming
 11701 | Lair:2   | Killed a one-headed hydra
 11708 | Lair:2   | Killed a death yak
 11869 | Lair:2   | Found a basalt altar of Yredelemnul.
 11917 | Lair:2   | Killed a death yak
 11923 | Lair:2   | Killed a death yak
 12060 | Lair:2   | Found a hole to the Spider Nest.
 12470 | Lair:3   | Noticed an eight-headed hydra
 12483 | Lair:3   | Killed a four-headed hydra
 12591 | Lair:3   | Found a staircase to the Shoals.
 12653 | Lair:3   | Reached skill level 1 in Evocations
 12841 | Lair:3   | Identified the scarf of Intuition {+Inv, +Inv Str+8 Dex-3
                  | Stlth+}
 13055 | Lair:3   | Gained mutation: You are partially covered in yellow
                  | scales. (AC +2) [demonic ancestry]
 13055 | Lair:3   | Reached XP level 13. HP: 82/98 MP: 11/13
 13362 | Lair:3   | Reached skill level 17 in Axes
 13918 | Lair:4   | Noticed Rupert
 14167 | Lair:4   | Found a shimmering altar of Xom.
 14411 | Lair:4   | Killed Rupert
 14702 | Lair:4   | Found a viscous altar of Jiyva.
 14702 | Lair:4   | Found a staircase to the Slime Pits.
 14833 | Lair:4   | Noticed Urug
 14839 | Lair:4   | Killed Urug
 15234 | Lair:4   | Reached XP level 14. HP: 105/108 MP: 12/14
 15373 | Lair:5   | Entered Level 5 of the Lair of Beasts
 15513 | Lair:5   | Reached skill level 5 in Evocations
 15545 | Lair:5   | Reached skill level 18 in Axes
 15557 | Lair:5   | Received a gift from Trog
 15634 | Lair:5   | Reached skill level 10 in Fighting
 16698 | Orc:1    | Entered Level 1 of the Orcish Mines
 16826 | Orc:1    | Received a gift from Trog
 16836 | Orc:1    | Found Onto's Weapon Emporium.
 17413 | Orc:2    | Entered Level 2 of the Orcish Mines
 17522 | Orc:2    | Received a gift from Trog
 17596 | Orc:2    | Noticed an orc warlord
 17610 | Orc:2    | Killed an orc warlord
 17616 | Orc:2    | Found a staircase to the Elven Halls.
 17743 | Orc:2    | Gained mutation: Your hexes are more powerful. [demonic
                  | ancestry]
 17743 | Orc:2    | Reached XP level 15. HP: 117/117 MP: 13/15
 18215 | Orc:2    | Paralysed by an orc sorcerer for 4 turns
 18295 | Orc:2    | Found Ibrim's General Store.
 18295 | Orc:2    | Found Iluaref's Magic Scroll Emporium.
 18299 | Orc:2    | Found Loarch's Antique Armour Shop.
 18299 | Orc:2    | Found Wuyntung's Assorted Antiques.
 18305 | Orc:2    | Bought a scroll of enchant armour for 112 gold pieces
 18311 | Orc:2    | Bought a scroll of magic mapping for 112 gold pieces
 18311 | Orc:2    | Bought a scroll of teleportation for 45 gold pieces
 18311 | Orc:2    | Bought a scroll of teleportation for 45 gold pieces
 18311 | Orc:2    | Bought a scroll of acquirement for 780 gold pieces
 18311 | Orc:2    | Acquired a manual of Evocations
 18461 | Spider:1 | Entered Level 1 of the Spider Nest
 18524 | Spider:1 | Received a gift from Trog
 19190 | Spider:1 | Noticed an emperor scorpion
 19210 | Spider:1 | Killed an emperor scorpion
 19790 | Spider:1 | Reached skill level 10 in Armour
 20298 | Spider:1 | Saving game... please wait.
 20322 | Spider:2 | Noticed Mlioglotl
 20330 | Spider:2 | Killed Mlioglotl
 20331 | Spider:2 | Reached skill level 5 in Dodging
 20422 | Spider:2 | Reached skill level 10 in Shields
 21120 | Spider:2 | Noticed an emperor scorpion
 21135 | Spider:2 | Killed an emperor scorpion
 21236 | Spider:2 | Noticed Kirke
 21248 | Spider:2 | Noticed a sphinx
 21249 | Spider:2 | Reached skill level 10 in Evocations
 21259 | Spider:2 | Killed Kirke
 21732 | Spider:2 | Reached XP level 16. HP: 127/127 MP: 12/16
 22430 | Spider:3 | Received a gift from Trog
 22450 | Spider:3 | Identified the +4 falchion "Tofurch" {heavy, *Slow rElec
                  | Int+2 Dex+3}
 22880 | Spider:4 | Entered Level 4 of the Spider Nest
 23601 | Spider:4 | HP: 2/127 [demonic crawler (8)]
 23601 | Spider:4 | Mangled by a tarantella

Illustrated notes

Levels and vault maps discovered:
D:1:      kennysheep_arrival_forest, layout_loops_ring
D:2:      layout_basic, serial_shops, shop, uniq_crazy_yiuf_cottage
D:3:      layout_loops_ring, hellmonk_ecumenical_altar_run_dry,
          ebering_ghost_sewer_f, uniq_ijyb, uniq_terence, uniq_sigmund
D:4:      layout_rooms, minmay_temple_entry_gardened_gates, serial_shops,
          kennysheep_little_box, hangedman_decor_growths, minmay_small_thing,
          uniq_edmund, uniq_grinder, uniq_blork_the_orc
D:5:      layout_loops_ring, nicolae_tso_besieged_by_evil, serial_aquarium,
          aquarium_bridge_square [aquarium_subvault_bridge,
          aquarium_subvault_bridge, aquarium_subvault_wall,
          aquarium_subvault_bridge], aquarium_window_fake, aquarium_window_fake,
          aquarium_window_2, aquarium_view_2b, minmay_fractal_squares_diagonal_5
D:6:      layout_cave_pools, lemuel_tele_altar, gammafunk_temple_overflow_wave
D:7:      layout_basic, enter_bailey_2, nicolae_concentric_dashed_squares_wild,
          grunt_ministairs_15, uniq_prince_ribbit1, uniq_pikel, uniq_joseph
D:8:      layout_loops_corners, david_lair_shrubbed, serial_shops, shop
D:9:      lemuel_ice_spiral_2, layout_stronghold, grunt_temple_overflow_open,
          minivault_1
D:10:     layout_loops_cross, old_standard_altar, orc_0_dummy, minivault_24
Temple:   zaba_magenta_temple
Lair:1:   layout_loops_ring, grunt_megastairs_1
Lair:2:   layout_chaotic_city, nicolae_spider_entry_lesser_pyramids,
          basic_altar, gauntlet_entry_generic, grunt_megastairs_2
Lair:3:   kb_forest_paths, layout_regular_city, minmay_shoals_entry_centaurs,
          guppyfry_lair_drakes, lemuel_fruit_tree
Lair:4:   layout_gridlike, slime_entry_1, basic_altar,
          infiniplex_staircase_pool_2, uniq_rupert, uniq_urug
Lair:5:   minmay_lair_end_frog_pond, layout_gridlike
Spider:1: layout_spider_delve, drop_trap, spiders_nest_hornet_nest
Spider:2: nicolae_spider_hilbert_zone_3 [nicolae_spider_hilbert_4_sides_2_open,
          nicolae_spider_hilbert_3_sides_1_open,
          nicolae_spider_hilbert_3_sides_1_open,
          nicolae_spider_hilbert_3_sides_1_open,
          nicolae_spider_hilbert_3_sides_1_open,
          nicolae_spider_hilbert_4_sides_1_open,
          nicolae_spider_hilbert_4_sides_1_open,
          nicolae_spider_hilbert_4_sides_1_open,
          nicolae_spider_hilbert_4_sides_1_open,
          nicolae_spider_hilbert_4_sides_1_open,
          nicolae_spider_hilbert_4_sides_1_open,
          nicolae_spider_hilbert_4_sides_1_open,
          nicolae_spider_hilbert_4_sides_1_open,
          nicolae_spider_hilbert_3_sides_1_open,
          nicolae_spider_hilbert_3_sides_1_open,
          nicolae_spider_hilbert_3_sides_1_open,
          nicolae_spider_hilbert_3_sides_1_open], guppyfry_spider_mini_1,
          uniq_kirke, uniq_mlioglotl
Spider:3: layout_spider_delve
Spider:4: grunt_spider_rune_parallel
Orc:1:    layout_caves, serial_shops, nicolae_shop_advertising_works
          [nicolae_subvault_shop_adworks], mines_bat_river
Orc:2:    grunt_orc_tribal_feast, layout_diamond_mine

Skill      XL: |  1  2  3  4  5  6  7  8  9 10 11 12 13 14 15 16 |
---------------+-------------------------------------------------+-----
Axes           | 3 4 6 7 9 11 13 14 15 16 17 18 | 18.0
Armour         | 3 5 6 8 9 10 11 | 11.0
Shields        | 2 4 6 7 9 10 | 10.8
Fighting       | 4 6 7 9 10 11 12 | 12.2
Evocations     | 1 4 7 10 11 | 11.4
Dodging        | 3 5 6 |  6.5

Action                     |  1- 3 |  4- 6 |  7- 9 | 10-12 | 13-15 | 16-18 || total
---------------------------+-------+-------+-------+-------+-------+-------++-------
  Melee: Hand axe          |    81 |   110 |       |       |       |       ||   191
         Punch             |     1 |     1 |     1 |       |       |       ||     3
         Touch             |     7 |    22 |    38 |     6 |       |       ||    73
         War axe           |       |     5 |   235 |    52 |       |       ||   292
         Broad axe         |       |       |       |   492 |  1046 |   224 ||  1762
  Throw: Dart              |       |       |       |       |     1 |       ||     1
 Invoke: Berserk           |     1 |     7 |     6 |    22 |    24 |     4 ||    64
         Trog's Hand       |       |     2 |     1 |     2 |     2 |       ||     7
         Brothers in Arms  |       |       |     1 |     2 |     3 |       ||     6
  Evoke: Wand              |       |       |     2 |     5 |       |       ||     7
         Lightning rod     |       |       |       |       |     1 |       ||     1
    Use: Scroll            |       |       |    16 |     5 |     5 |       ||    26
         Potion            |       |       |       |     2 |     4 |       ||     6
   Stab: Paralysed         |       |       |     9 |     3 |       |       ||    12
         Sleeping          |       |       |     5 |     1 |     1 |       ||     7
         Invisible         |       |       |       |     1 |       |       ||     1
         Petrified         |       |       |       |       |     4 |       ||     4
         Petrifying        |       |       |       |       |     3 |       ||     3
         Distracted        |       |       |       |       |     1 |       ||     1
 Armour: Animal skin       |    11 |       |       |       |       |       ||    11
         Scale mail        |    27 |    34 |       |       |   235 |    69 ||   365
         Leather armour    |       |     6 |    66 |       |       |       ||    72
         Chain mail        |       |       |       |   119 |       |       ||   119
         Ring mail         |       |       |       |    34 |    61 |       ||    95
  Dodge: Dodged            |    51 |    65 |   111 |   127 |   333 |    89 ||   776
  Block: Buckler           |       |       |       |   131 |   668 |   149 ||   948
         Reflection        |       |       |       |       |     8 |       ||     8

Table legend: (Time is in decaauts)
 A = Elapsed time spent in this place.
 B = Non-inter-level travel time spent in this place.
 C = Inter-level travel time spent in this place.
 D = Time resting spent in this place.
 E = Time spent auto-exploring this place.
 F = Levels seen in this place.
 G = Mean time per level.
                   A        B        C        D        E       F      G
               +--------+--------+--------+--------+--------+-----+--------+
         Total |  23795 |  22758 |   1037 |   4403 |  14227 |  24 |  991.5 |
       Dungeon |   9794 |   9190 |    604 |   1311 |   6460 |  10 |  979.4 |
        Temple |     98 |     80 |     18 |      0 |     75 |   1 |   98.0 |
          Lair |   6292 |   6008 |    284 |   1139 |   3809 |   5 | 1258.4 |
   Spider Nest |   4589 |   4531 |     58 |    930 |   2781 |   4 | 1147.2 |
  Orcish Mines |   1630 |   1559 |     71 |    346 |    909 |   2 |  815.0 |
        Bailey |    504 |    504 |      0 |    143 |    169 |   1 |  504.0 |
      Gauntlet |    884 |    884 |      0 |    531 |     23 |   1 |  884.0 |
               +--------+--------+--------+--------+--------+-----+--------+

Top non-repeatable levels by time:
  Lair:3: 1587 daAuts
Spider:2: 1530 daAuts
  Lair:2: 1428 daAuts
    D:10: 1402 daAuts
Spider:1: 1396 daAuts
  Lair:4: 1357 daAuts
     D:9: 1290 daAuts
     D:5: 1168 daAuts
  Lair:5: 1155 daAuts
     D:3: 1030 daAuts
Spider:3: 997 daAuts
     D:8: 945 daAuts
Gauntlet: 884 daAuts
     D:2: 869 daAuts
     D:1: 862 daAuts
